 Dungeon Crawl Stone Soup version 0.30.1-11-g7821555f0a (webtiles) character file.

Game seed: 5437895948753716618

765 monsoonserge the Covered (level 7, 0/52 HPs)
             Began as a Demonspawn Warper on Jan 4, 2024.
             Succumbed to a killer bee's poison
             ... on level 4 of the Dungeon.
             The game lasted 00:12:36 (4398 turns).

monsoonserge the Covered (Demonspawn Warper)        Turns: 4398, Time: 00:12:37

Health: 0/52       AC: 12    Str: 11    XL:     7   Next: 51%
Magic:  10/10      EV:  9    Int: 17    God:
Gold:   98         SH:  7    Dex: 14    Spells: 8/10 levels left

rFire   . . .        t - +0 rapier
rCold   + . .        x - +0 buckler
rNeg    . . .        g - +2 scale mail {rC+}
rPois   .            (no helmet)
rElec   .            u - +0 cloak
rCorr   .            (no gloves)
SInv    .            j - +1 pair of boots
Will    .....        (no amulet)
Stlth   +            (no ring)
HPRegen 0.28/turn    (no ring)
MPRegen 0.12/turn

%: no passive effects
@: lethally poisoned (0 -> -7), on berserk cooldown, slowed, studying
Translocations, very slow
A: thin skeletal structure 1, condensation shield, weakness stinger 1
a: no special abilities


You were on level 4 of the Dungeon.
You visited 1 branch of the dungeon, and saw 5 of its levels.

You collected 146 gold pieces.
You spent 48 gold pieces at shops.

Inventory:

Hand Weapons
 t - a +0 rapier (weapon)
Missiles
 d - 7 boomerangs of dispersal
 s - a throwing net
 w - 3 boomerangs (quivered)
Armour
 g - a +2 scale mail of cold resistance (worn)
 j - a +1 pair of boots (worn)
 u - a +0 cloak (worn)
 x - a +0 buckler (worn)
Magical Staves
 k - a staff of conjuration
Scrolls
 c - a scroll of blinking
 e - 5 scrolls of immolation
 h - 6 scrolls of identify {unknown}
 l - a scroll of brand weapon {unknown}
 m - a scroll of amnesia {unknown}
 n - a scroll of poison {unknown}
 o - a scroll of acquirement {unknown}
 q - 3 scrolls of teleportation {unknown}
 r - a scroll of silence {unknown}
 y - a scroll of noise {unknown}
Potions
 b - a potion of flight {unknown}
 f - a potion of resistance {unknown}
 i - a potion of attraction {unknown}
 v - a potion of curing {unknown}


   Skills:
 + Level 3.5 Fighting
 + Level 2.5(3.4) Short Blades
 - Level 3.4(3.9) Long Blades
 + Level 1.0 Throwing
 * Level 4.3 Armour
 + Level 2.6 Dodging
 + Level 0.4 Stealth
 + Level 0.5 Shields
 + Level 2.2 Spellcasting
 * Level 4.1 Translocations


You had 8 spell levels left.
You knew the following spells:

 Your Spells              Type           Power      Damage    Failure   Level
a - Blink                 Tloc           32%        N/A       38%         2

Your spell library contained the following spells:

 Spells                   Type           Power      Damage    Failure   Level
 Apportation              Tloc           32%        N/A       26%         1
 Lesser Beckoning         Tloc           32%        N/A       38%         2
 Teleport Other           Tloc           16%        N/A       63%         3
 Vhi's Electric Charge    Tloc/Air       18%        N/A       88%         3
 Manifold Assault         Tloc           16%        N/A       95%         4
 Alistair's Intoxication  Tmut/Pois      0%         N/A       100%        5


Dungeon Overview and Level Annotations

Branches:
Dungeon (5/15)
 Temple: D:4-7

Altars:
Hepliaklqana
Okawaru

Shops:
D:5 ?(


Innate Abilities, Weirdness & Mutations

You have a somewhat thin skeletal structure. (Dex +2, Stealth+)
A meltable shield of frost defends you. (SH +4)
You have a small tail.


Message History

You feel sick. The killer bee barely misses you.
You miss the killer bee.
You feel sick.
You are no longer poisoned.
The killer bee stings you.
You are poisoned.
The killer bee poisons you! The killer bee stings you.
* * * LOW HITPOINT WARNING * * *
You closely miss the killer bee.
You feel sick. The killer bee barely misses you.
You barely miss the killer bee.
You feel sick.
The killer bee stings you but does no damage.
You block the killer bee's attack.
You miss the killer bee.
You feel sick. The killer bee stings you.
* * * LOW HITPOINT WARNING * * *
You puncture the killer bee!
Your tail-slap misses the killer bee.
The killer bee is heavily wounded.
You feel sick. The killer bee barely misses you.
You hit the killer bee.
The killer bee is almost dead.
The killer bee stings you.
* * * LOW HITPOINT WARNING * * *
You are lethally poisoned!
The killer bee poisons you!
You puncture the killer bee!
You kill the killer bee!
* * * LOW HITPOINT WARNING * * *
You feel very sick.
* * * LOW HITPOINT WARNING * * *
You feel sick.
Expiring: You are possessed by a berserker rage.
You are lethally poisoned (4 -> -5).
You are studying Translocations.
Your movement speed is very quick.
Your attack delay is about 0.6.
Your damage rating with your +0 rapier is about 8 (Base 7 x 110% (Dex) x 112% (Skill)).
You feel a strong urge to attack something.
* * * LOW HITPOINT WARNING * * *
You feel sick.
You are no longer berserk.
You are exhausted.
You feel yourself slow down.
You die...

#.#.................
#.####..#..######### #.##
##.##..#### #####..#
#.........# # #......#
#.........#####
#......###.........#....
#....................###
#.....<##............###
#......@...............#
#......#>...............
###......###.........#..#.
#........###.........##.#.
#.....)....)..........#.#.
#..#.##.)##...###...#.#...
#...#.###.÷#..#####...#...
#....#..###.##..####[.#...
##.#..##†.##.#....##..#...


There were no monsters in sight!

Vanquished Creatures
  A water moccasin (D:5)
  An ogre (D:5)
  A bullfrog (D:3)
  2 killer bees (D:4)
  A hound (D:4)
  A jelly (D:5)
  Jessica (D:2)
  3 iguanas
  3 orc wizards (D:3)
  7 adders
  2 worms
  2 dart slugs
  11 orcs
  8 endoplasms
  3 giant cockroaches
  12 goblins
  8 hobgoblins
  A jackal (D:4)
  2 quokkas (D:2)
  17 ball pythons
  10 bats
  8 frilled lizards
  8 kobolds
  2 rats
115 creatures vanquished.

Notes
Turn   | Place    | Note
-------+----------+-------------------------------------------
     0 | D:1      | monsoonserge the Demonspawn Warper began the quest for the
                  | Orb.
     0 | D:1      | Reached XP level 1. HP: 16/16 MP: 3/3
   140 | D:1      | Gained mutation: A meltable shield of frost defends you.
                  | (SH +4) [demonic ancestry]
   140 | D:1      | Reached XP level 2. HP: 21/22 MP: 5/5
   508 | D:1      | Reached XP level 3. HP: 27/27 MP: 6/6
   882 | D:2      | Learned a level 2 spell: Blink
   954 | D:2      | Noticed Jessica
   957 | D:2      | Killed Jessica
   958 | D:2      | Reached skill level 1 in Armour
   958 | D:2      | Reached XP level 4. HP: 32/34 MP: 7/7
  1403 | D:2      | Found a faded altar of an unknown god.
  1761 | D:3      | Reached XP level 5. HP: 39/39 MP: 8/8
  2418 | D:3      | Found a hazy altar of Hepliaklqana.
  2556 | D:3      | Gained mutation: You have a somewhat thin skeletal
                  | structure. (Dex +2, Stealth+) [demonic ancestry]
  2556 | D:3      | Reached XP level 6. HP: 23/47 MP: 9/9
  2619 | D:3      | Reached skill level 1 in Short Blades
  3360 | D:4      | Found an iron altar of Okawaru.
  3707 | D:5      | Entered Level 5 of the Dungeon
  3841 | D:5      | Found Cuse's Weapon Shop.
  4014 | D:5      | Gained mutation: You have a small tail. [demonic ancestry]
  4014 | D:5      | Reached XP level 7. HP: 37/52 MP: 10/10
  4083 | D:5      | Found Hauwn's Magic Scroll Boutique.
  4107 | D:5      | Bought a scroll of immolation for 48 gold pieces
  4232 | D:5      | Reached skill level 1 in Throwing
  4397 | D:4      | HP: 2/78 [poisoned by a killer bee]
  4398 | D:4      | Succumbed to a killer bee's poison

Illustrated notes

Levels and vault maps discovered:
D:1:      ebering_hopf_link, layout_basic
D:2:      layout_loops_ring, basic_ecumenical_altar, uniq_jessica
D:3:      wander_river, layout_loops_corners,
          mainiacjoe_overflow_six_doors_small
D:4:      layout_rooms, mainiacjoe_overflow_surrounded_room,
          lemuel_coloured_pillars_altar, hangedman_decor_growths,
          minmay_manual_mess
D:5:      layout_loops_ring, cheibriados_altar_1,
          amethyst_overflow_temple_binary, serial_shops, shop,
          nicolae_square_shop, kennysheep_little_box

Skill      XL: |  1  2  3  4  5  6  7 |
---------------+----------------------+-----
Translocations | 3 4 |  4.1
Long Blades    | 2 3 |  3.4
Dodging        | 2 |  2.6
Armour         | 1 2 3 4 |  4.3
Fighting       | 3 |  3.5
Short Blades   | 1 2 |  2.5
Throwing       | 1 |  1.0
Stealth        | |  0.4
Shields        | |  0.5
Spellcasting   | |  2.2

Action                     |  1- 3 |  4- 6 |  7- 9 || total
---------------------------+-------+-------+-------++-------
  Melee: Falchion          |   137 |   134 |       ||   271
         Rapier            |       |   243 |    54 ||   297
         Tailslap          |       |       |     6 ||     6
  Throw: Boomerang         |       |       |     2 ||     2
   Cast: Blink             |       |     1 |       ||     1
    Use: Potion            |       |     1 |     2 ||     3
   Stab: Sleeping          |       |     2 |       ||     2
 Armour: Scale mail        |    80 |   183 |    26 ||   289
         Leather armour    |     4 |       |       ||     4
  Dodge: Dodged            |    73 |   124 |    28 ||   225
  Block: Other             |    22 |    30 |       ||    52
         Buckler           |       |    16 |    19 ||    35
